 Dungeon Crawl Stone Soup version 0.29.1-15-g9cfb28693d (webtiles) character file.

Game seed: 9323749323111262209

86675 safid the Gelid (level 15, -10/120 HPs)
             Began as a Merfolk Ice Elementalist on Mar 30, 2023.
             Was a High Priest of Vehumet.
             Mangled by Donald
             ... wielding a +3 demon trident of electrocution
              (43 damage)
             ... on level 2 of the Swamp on Mar 31, 2023.
             The game lasted 01:36:24 (31767 turns).

safid the Gelid (Merfolk Ice Elementalist)         Turns: 31767, Time: 01:36:25

Health: -10/120    AC: 18    Str:  9    XL:     15   Next: 88%
Magic:  13/37      EV: 17    Int: 21    God:    Vehumet [*****.]
Gold:   1720       SH:  0    Dex: 13    Spells: 9/39 levels left

rFire   + . .      SeeInvis .   m - +8 dagger of Glory {vorpal, Fragile +Blink rPois rC-}
rCold   x . .      Faith    .   (no shield)
rNeg    . . .      Spirit   .   a - +0 robe
rPois   +          Reflect  .   (no helmet)
rElec   .          Harm     .   M - +0 cloak
rCorr   +          Rampage  .   h - +1 pair of gloves
Will    ++...                   u - +2 pair of boots
Stlth   +.........              F - amulet of regeneration
HPRegen 1.10/turn               L - ring of protection from fire
MPRegen 0.25/turn               x - ring of Niyrgh {Will+ rCorr MP+9 Dex-2}

@: ice-armoured, contaminated, glowing
A: (nimble swimmer 2), mertail, low MP 1, sturdy frame 1
a: Renounce Religion, Evoke Blink


You were on level 2 of the Swamp.
You worshipped Vehumet.
Vehumet was extremely pleased with you.
You visited 5 branches of the dungeon, and saw 22 of its levels.
You also visited: Sewer and Gauntlet.

You collected 2453 gold pieces.
You spent 733 gold pieces at shops.

Inventory:

Hand Weapons
 m - the +8 dagger of Glory (weapon) {vorpal, Fragile +Blink rPois rC-}
   (You found it on level 3 of the Dungeon)

   It inflicts extra damage upon your enemies.
   rC:        It makes you vulnerable to cold.
   rPois:     It protects you from poison.
   +Blink:    It lets you blink.
   Fragile:   It will be destroyed if unequipped.
Missiles
 c - 4 curare-tipped darts
Armour
 a - a +0 robe (worn)
 h - a +1 pair of gloves (worn)
 u - a +2 pair of boots (worn)
 M - a +0 cloak (worn)
Jewellery
 o - a ring of flight
 v - a ring of ice
 x - the ring of Niyrgh (right hand) {Will+ rCorr MP+9 Dex-2}
   (You acquired it on level 2 of the Orcish Mines)

   [ring of magical power]

   Dex:       It affects your dexterity (-2).
   MP:        It affects your magic capacity (+9).
   rCorr:     It protects you from acid and corrosion.
   Will:      It increases your willpower.
 F - an amulet of regeneration (around neck)
 J - a ring of see invisible
 L - a ring of protection from fire (left hand)
Wands
 d - a wand of acid (8)
 i - a wand of roots (16)
 j - a wand of flame (44)
 y - a wand of polymorph (7)
 D - a wand of digging (5)
 I - a wand of paralysis (4)
Scrolls
 e - 4 scrolls of teleportation
 f - 3 scrolls of fear
 k - 10 scrolls of amnesia
 p - 4 scrolls of enchant weapon
 r - 3 scrolls of brand weapon
 s - 2 scrolls of magic mapping
 B - 5 scrolls of butterflies
 C - 5 scrolls of silence
Potions
 b - 3 potions of magic
 g - 9 potions of mutation
 l - 4 potions of haste
 n - 4 potions of cancellation
 q - 8 potions of curing
 t - 3 potions of brilliance {unknown}
 w - 3 potions of berserk rage
 z - 6 potions of might
 A - 5 potions of heal wounds {unknown}
 E - 2 potions of resistance {unknown}
 G - 3 potions of ambrosia {unknown}
 H - 2 potions of invisibility {unknown}
 K - 2 potions of attraction {unknown}
 O - 2 potions of degeneration {unknown}
 P - 3 potions of flight {unknown}
Miscellaneous
 N - a condenser vane


   Skills:
 - Level 12.0 Fighting
 + Level 11.7 Dodging
 - Level 2.1 Stealth
 + Level 12.6 Spellcasting
 - Level 4.0 Conjurations
 + Level 12.8 Transmutations
 - Level 4.0 Fire Magic
 + Level 15.2 Ice Magic
 - Level 8.0 Poison Magic
 - Level 6.0 Evocations


You had 9 spell levels left.
You knew the following spells:

 Your Spells              Type           Power      Damage    Failure   Level
a - Irradiate             Conj/Tmut      24%        3d19      1%          5
b - Frozen Ramparts       Ice            100%       1d16      1%          3
c - Ozocubu's Armour      Ice            67%        N/A       1%          3
d - Dragon Form           Tmut           30%        N/A       22%         7
e - Olgreb's Toxic Radia  Pois           46%        N/A       1%          4
f - Ignite Poison         Fire/Tmut/Pois 48%        N/A       1%          3
g - Freeze                Ice            100%       1d11      0%          1
h - Hailstorm             Conj/Ice       52%        3d12      1%          4

Your spell library contained the following spells:

 Spells                   Type           Power      Damage    Failure   Level
 Fireball                 Conj/Fire      15%        3d8       7%          5
 Beastly Appendage        Tmut           100%       N/A       1%          1
 Sandblast                Erth           26%        2d8       1%          1
 Shock                    Conj/Air       84%        1d8       1%          1
 Ensorcelled Hibernation  Hex/Ice        90%        N/A       1%          2
 Passwall                 Tmut/Erth      33%        N/A       1%          2
 Poisonous Vapours        Pois/Air       60%        N/A       1%          2
 Static Discharge         Conj/Air       21%        3-6/arc   1%          2
 Wereblood                Tmut           61%        N/A       1%          2
 Conjure Flame            Conj/Fire      30%        6-21      1%          3
 Dazzling Flash           Conj/Hex       42%        N/A       1%          3
 Spider Form              Tmut/Pois      54%        N/A       1%          3
 Stone Arrow              Conj/Erth      42%        3d9       1%          3
 Ice Form                 Ice/Tmut       64%        N/A       1%          4
 Blade Hands              Tmut           30%        N/A       1%          5
 Sticky Flame             Conj/Fire      30%        2d5       2%          4
 Apportation              Tloc           26%        N/A       4%          1
 Necrotise                Necr           52%        1d6       4%          1
 Summon Small Mammal      Summ           52%        N/A       4%          1
 Fulminant Prism          Conj/Hex       10%        3d9       6%          4
 Iskenderun's Mystic Bla  Conj/Tloc      21%        2d6       6%          4
 Corpse Rot               Necr/Pois/Air  24%        N/A       16%         4
 Lee's Rapid Deconstruct  Erth           6%         3d7*      32%         5
 Anguish                  Hex/Necr       6%         N/A       43%         4
 Dispel Undead            Necr           13%        3d9       43%         4
 Summon Lightning Spire   Summ/Air       13%        N/A       43%         4
 Conjure Ball Lightning   Conj/Air       10%        3x3d6     58%         6
 Agony                    Necr           13%        N/A       80%         5
 Silence                  Hex/Air        6%         N/A       80%         5
 Discord                  Hex            6%         N/A       100%        8
 Disjunction              Tloc           6%         N/A       100%        8
 Chain Lightning          Conj/Air       10%        3d14      100%        9


Dungeon Overview and Level Annotations

Branches:
Dungeon (12/15)            Temple (1/1) D:4            Lair (5/5) D:10
  Swamp (2/4) Lair:2       Spider (0/4) Lair:2        Slime (0/5) Lair:4
    Orc (2/2) D:12            Elf (0/3) Orc:2         Sewer (visited)
Gauntlet (visited)

Altars:
Ashenzari
Cheibriados
Dithmenos
Elyvilon
Fedhas
Gozag
Hepliaklqana
Kikubaaqudgha
Makhleb
Nemelex Xobeh
Okawaru
Qazlal
Ru
Sif Muna
Trog
Uskayaw
Vehumet
Wu Jian
Xom
Yredelemnul
Zin
The Shining One
Jiyva

Shops:
D:5 *   D:6 *   Orc:2 (:*:

Annotations:
D:7 1 runed translucent door, Crazy Yiuf
Lair:1 2 transporters, Googleaster1's ghost, novice MiBe
Lair:2 2 transporters, LustLizard's ghost, adept TrFi
Swamp:1 Roxanne
Swamp:2 Donald
Orc:1 1 transporter, Vocvumn's ghost, journeyman MiFi


Innate Abilities, Weirdness & Mutations

((You are very nimble when in or above water. (Stealth+, EV+, Speed+++)))
Your lower body shifts to a powerful aquatic tail in water.
Your magical capacity is low. (-10% MP)
Your movements are slightly less encumbered by armour. (ER -2)


Message History

You begin to radiate toxic energy.
Donald shouts!
Donald is poisoned.
Louise looks even sicker.
Donald looks even sicker.
Louise screams!
Louise points at you and mumbles some strange words.
You resist with almost no effort.
Donald looks even sicker.
Your toxic aura wanes.
Donald mumbles some strange words.
Donald seems to speed up.
Louise hits you with a +2 morningstar of holy wrath.
Casting: Olgreb's Toxic Radiance (mildly dangerous; 1% risk of failure)
Confirm with . or Enter, or press ? or * to list all spells.
You ignite the poison in your surroundings!
Louise seems to burn from within!!!
Louise is almost dead.
Donald seems to burn from within!!!
Donald is severely wounded.
Donald says, "Damn it, I left my flaming sword at home."
Donald mumbles some strange words.
Donald seems to grow stronger.
Donald says, "You're really ugly.
Did you know that?" Louise misses you.
Donald says, "What could mosquitoes possibly want with my blood?"
Louise hits you with a +2 morningstar of holy wrath!
Casting: Ignite Poison (safe; 1% risk of failure)
Confirm with . or Enter, or press ? or * to list all spells.
You erupt in a fountain of uncontrolled magic!
Louise is blasted with magical radiation!!!
You kill Louise!
Vehumet accepts your kill.
You feel your power returning.
You hear a splash. x4
You are contaminated with residual magic.
Donald hits you from afar with a +3 demon trident of electrocution!!!
* * * LOW HITPOINT WARNING * * *
Donald barely misses you.
Your icy armour will break if you move.
Continue?
Donald hits you from afar with a +3 demon trident of electrocution!!!
You die...

~...~..♣♣♣♣ ♣♣♣♣♣♣..~
..........♣♣ ♣♣♣ ♣♣♣♣♣..~.~~~
..........~♣ ♣~♣♣♣~......~~~~
....~..~~.♣♣ ♣..♣§.~§~...~~~~
.~..~....~♣♣ ♣♣.~♣≈~~~...~~~.
.....♣♣♣♣♣♣♣~ ♣.≈≈≈≈≈~..~..~♣
~......~♣~§~..♣♣♣♣♣♣≈≈≈≈≈♣......♣
.~~~~~~.~~..~.~.~♣♣≈≈≈≈†≈≈♣~~~~.~
~~†~~....♣♣♣....@..♣≈≈≈≈≈♣♣.~~~.~
~~~~...~~♣~..~~.~).♣≈)≈≈♣♣....♣..
~~~....~.♣.~~~~~@~.♣♣♣≈♣♣ ~.
~~~~~....♣~~~~~~~~.♣ §~~.
§.~~~♣♣♣....~~~..... ~.~.. .>...♣
~........~..~..~.§~ .....♣
~~..♣~.~~§~~~~.~~~ ~~~~~..~~~~~~~


You could see Donald (fast, strong).

Vanquished Creatures
  Louise (Swamp:2)
  A minotaur (Gauntlet)
  3 bunyips (Swamp:2)
  7 hydras
  5 ghost crabs (Swamp:1)
  2 ogre magi (Orc:2)
  2 catoblepae
  Erica (D:9)
  A hell beast (Gauntlet)
  12 two-headed ogres
  Nergalle (Orc:1)
  Sonja (Orc:1)
  A spectral death yak (Lair:5)
  4 spriggan druids (Swamp:1)
  2 deep trolls (Orc:2)
  A lindwurm (Lair:5)
  3 bog bodies
  An orc knight (Orc:1)
  2 necromancers (Lair:5)
  A will-o-the-wisp (Swamp:1)
  A wolf spider (D:10)
  5 ugly things
  5 apocalypse crabs (Swamp:1)
  2 cyclopes (Orc:2)
  12 elephants
  2 black mambas
  A gargoyle (D:11)
  14 cane toads
  4 rime drakes
  15 komodo dragons
  18 trolls
  2 polar bears
  2 tyrant leeches (Swamp:1)
  15 slime creatures
  7 dream sheep (Lair:3)
  10 hornets
  A blink frog (shapeshifter) (Gauntlet)
  22 blink frogs
  8 spriggans
  2 shadows
  A wraith (D:11)
  53 yaks
  A wyvern (Lair:1)
  The ghost of AutumnRavn the Shooter, an amateur FoHu (D:11)
  2 steam dragons
  6 basilisks
  2 redbacks (Lair:2)
  3 vampire mosquitoes (Swamp:2)
  7 swamp worms
  An acid dragon (D:11)
  3 wargs
  Edmund (D:5)
  16 water moccasins
  2 hell hounds (Gauntlet)
  2 swamp drakes
  3 black bears
  22 orc warriors
  2 ice beasts
  A sky beast (D:6)
  An elephant zombie (Lair:5)
  3 wolves (Lair:2)
  A centaur (D:7)
  24 ogres
  2 phantoms (D:6)
  A kobold brigand (D:11)
  10 bullfrogs
  8 wights
  2 howler monkeys (D:8)
  3 electric eels
  12 orc priests
  3 gnoll boudas
  5 jellies
  8 hounds
  Natasha (thrice) (D:4)
  16 iguanas
  18 orc wizards
  12 hell rats
  10 gnolls
  16 adders
  A shadow imp (D:4)
  A white imp (D:5)
  4 worms
  3 dart slugs
  78 orcs
  5 ball pythons
  6 bats
  14 endoplasms
  4 giant cockroaches
  A hobgoblin (D:3)
  23 kobolds
  5 quokkas
  4 frilled lizards
  13 goblins
  9 rats
658 creatures vanquished.

Vanquished Creatures (others)
  A spriggan druid (Swamp:1)
  A bush (Lair:3)
  4 foxfires (Swamp:1)
  15 fungi
  58 plants
  11 withered plants (Lair:5)
90 creatures vanquished.

Grand Total: 748 creatures vanquished

Notes
Turn   | Place    | Note
-------+----------+-------------------------------------------
     0 | D:1      | safid the Merfolk Ice Elementalist began the quest for the
                  | Orb.
     0 | D:1      | Reached XP level 1. HP: 13/13 MP: 3/3
   226 | D:1      | Reached XP level 2. HP: 18/20 MP: 3/5
   263 | D:1      | Reached skill level 1 in Fighting
   538 | D:1      | HP: 1/21 [worm (3)]
   850 | D:1      | Reached XP level 3. HP: 24/26 MP: 6/6
   890 | D:1      | Learned a level 3 spell: Frozen Ramparts
  1813 | D:2      | Found a faded altar of an unknown god.
  1900 | D:2      | Reached skill level 5 in Ice Magic
  1900 | D:2      | Reached XP level 4. HP: 33/33 MP: 2/8
  1904 | D:2      | Learned a level 3 spell: Ozocubu's Armour
  2505 | D:3      | Identified the +8 dagger of Glory {vorpal, Fragile +Blink
                  | rPois rC-}
  2671 | D:3      | Reached XP level 5. HP: 38/39 MP: 0/9
  3010 | D:3      | Reached skill level 1 in Evocations
  3440 | D:4      | Noticed Natasha
  3453 | D:4      | Killed Natasha
  3492 | D:4      | Reached XP level 6. HP: 31/47 MP: 3/11
  3788 | D:4      | Found a staircase to the Ecumenical Temple.
  3796 | D:4      | Noticed Natasha
  3801 | Temple   | Entered the Ecumenical Temple
  3890 | Temple   | Became a worshipper of Vehumet
  3982 | D:4      | Killed Natasha
  4201 | D:4      | Noticed Natasha
  4207 | D:4      | Killed Natasha
  4686 | D:4      | Reached * piety under Vehumet
  4686 | D:4      | Offered knowledge of Sandblast by Vehumet.
  4807 | D:5      | Entered Level 5 of the Dungeon
  4994 | D:5      | Reached skill level 6 in Ice Magic
  4994 | D:5      | Reached XP level 7. HP: 53/53 MP: 5/12
  5085 | D:5      | Found Jizxenoc's Assorted Antiques.
  5283 | D:5      | Got the Secrets of the Charged Blizzard
  5423 | D:5      | Noticed Edmund
  5437 | D:5      | Killed Edmund
  5660 | D:5      | Reached XP level 8. HP: 44/61 MP: 5/14
  5826 | D:5      | Reached skill level 5 in Fighting
  5844 | D:5      | Reached skill level 7 in Ice Magic
  6061 | D:5      | Reached skill level 5 in Spellcasting
  6153 | D:5      | Identified the +1 flail of True Grit {elec, *Slow Will+
                  | Str+3 Stlth+}
  6606 | D:6      | Found a hazy altar of Hepliaklqana.
  6626 | D:6      | Offered knowledge of Scorch by Vehumet.
  6628 | D:6      | Reached ** piety under Vehumet
  6793 | D:6      | Found a glowing drain.
  6802 | Sewer    | Entered a sewer
  7124 | D:6      | Reached XP level 9. HP: 57/70 MP: 10/17
  7128 | D:6      | Offered knowledge of Inner Flame by Vehumet.
  7133 | D:6      | Reached skill level 8 in Ice Magic
  7788 | D:6      | Found an opulent altar of Gozag.
  7898 | D:6      | Reached *** piety under Vehumet
  7934 | D:6      | Found a shadowy altar of Dithmenos.
  8237 | D:6      | Found Puirghyda's General Store.
  8246 | D:6      | Bought a scroll of magic mapping for 82 gold pieces
  8823 | D:7      | Found a runed translucent door.
  8824 | D:7      | Noticed Crazy Yiuf
  8892 | D:7      | Found a stormy altar of Qazlal.
  9362 | D:7      | Found a hide-covered altar of Uskayaw.
  9425 | D:7      | Found a basalt altar of Yredelemnul.
  9675 | D:8      | Reached skill level 9 in Ice Magic
  9692 | D:7      | Learned a level 4 spell: Hailstorm
 10005 | D:8      | HP: 3/74 [large slime creature (32)]
 10006 | D:8      | Reached XP level 10. HP: 3/80 MP: 10/20
 10880 | D:8      | Found a shimmering blue altar of Sif Muna.
 10916 | D:8      | Reached skill level 10 in Ice Magic
 11155 | D:8      | Offered knowledge of Olgreb's Toxic Radiance by Vehumet.
 11161 | D:8      | Learned a level 4 spell: Olgreb's Toxic Radiance
 11165 | D:8      | Learned a level 3 spell: Ignite Poison
 11290 | D:8      | Reached skill level 1 in Transmutations
 11584 | D:9      | Reached skill level 1 in Poison Magic
 11621 | D:9      | Found an iron altar of Okawaru.
 11638 | D:9      | Paralysed by a hornet for 3 turns
 11641 | D:9      | Noticed Erica
 11648 | D:9      | Killed Erica
 12181 | D:9      | Noticed a two-headed ogre
 12205 | D:9      | Killed a two-headed ogre
 12206 | D:9      | Reached XP level 11. HP: 64/90 MP: 9/23
 12357 | D:9      | Found a burning altar of Makhleb.
 12428 | D:9      | Found a blossoming altar of Fedhas.
 12480 | D:10     | Entered Level 10 of the Dungeon
 12486 | D:10     | Found a staircase to the Lair.
 12490 | D:9      | Found a broken altar of Ashenzari.
 12924 | D:10     | Noticed a wolf spider
 12925 | D:10     | Noticed a two-headed ogre
 12940 | D:10     | Noticed a two-headed ogre
 12948 | D:10     | Killed a two-headed ogre
 13105 | D:10     | Killed a wolf spider
 13106 | D:10     | Reached skill level 10 in Fighting
 13253 | D:10     | Killed a two-headed ogre
 13254 | D:10     | Reached skill level 11 in Ice Magic
 13255 | D:10     | Reached **** piety under Vehumet
 13562 | D:10     | Found a snail-covered altar of Cheibriados.
 13801 | Lair:1   | Entered Level 1 of the Lair of Beasts
 13814 | Lair:1   | Found a transporter.
 13818 | Lair:1   | Noticed a death yak
 13819 | Lair:1   | Found a transporter.
 13819 | Lair:1   | Noticed Googleaster1's ghost (novice MiBe)
 13933 | Lair:1   | Reached skill level 5 in Transmutations
 14215 | Lair:1   | Offered knowledge of Freezing Cloud by Vehumet.
 14223 | Lair:1   | Reached skill level 5 in Poison Magic
 14425 | Lair:1   | Reached XP level 12. HP: 81/99 MP: 17/25
 14609 | Lair:1   | You are sucked into a shaft and drop 1 floor!
 14719 | Lair:2   | Found a transporter.
 14782 | Lair:2   | Reached skill level 1 in Fire Magic
 15577 | Lair:1   | Noticed a seven-headed hydra
 15591 | Lair:1   | Killed a seven-headed hydra
 16396 | Lair:1   | Reached skill level 12 in Ice Magic
 16565 | Lair:2   | Found a transporter.
 16582 | Lair:2   | Noticed LustLizard's ghost (adept TrFi)
 16595 | Lair:2   | Found a bloodstained altar of Trog.
 16662 | Lair:2   | Reached skill level 1 in Conjurations
 16984 | Lair:2   | Found a hole to the Spider Nest.
 17157 | Lair:2   | Found a staircase to the Swamp.
 17510 | Lair:3   | Noticed an eight-headed hydra
 17511 | Lair:3   | Noticed a five-headed hydra
 17539 | Lair:4   | Reached skill level 10 in Spellcasting
 17595 | Lair:4   | Noticed a catoblepas
 17617 | Lair:4   | Killed a catoblepas
 17928 | Lair:4   | Reached XP level 13. HP: 93/106 MP: 14/27
 18456 | Lair:3   | Reached ***** piety under Vehumet
 18510 | Lair:3   | Offered knowledge of Orb of Destruction by Vehumet.
 18872 | Lair:3   | Reached skill level 5 in Dodging
 19157 | Lair:3   | Learned a level 5 spell: Irradiate
 19165 | Lair:3   | Learned a level 7 spell: Dragon Form
 20224 | Lair:4   | Found a staircase to the Slime Pits.
 20224 | Lair:4   | Found a viscous altar of Jiyva.
 20457 | D:5      | Bought 3 scrolls of identify for 210 gold pieces
 20529 | D:6      | Bought a potion of berserk rage for 55 gold pieces
 20529 | D:6      | Bought a potion of might for 44 gold pieces
 20529 | D:6      | Bought a scroll of silence for 104 gold pieces
 21018 | Lair:5   | Entered Level 5 of the Lair of Beasts
 21041 | Lair:5   | Offered knowledge of Iskenderun's Battlesphere by Vehumet.
 21042 | Lair:5   | Reached skill level 13 in Ice Magic
 21069 | Lair:5   | Found a gate leading to a gauntlet.
 21080 | Gauntlet | Entered a Gauntlet
 21080 | Gauntlet | Found a transporter.
 21080 | Gauntlet | Found a transporter.
 21404 | Gauntlet | Found a transporter.
 21408 | Gauntlet | Found a runed translucent gate.
 21411 | Gauntlet | Found a runed translucent gate.
 21411 | Gauntlet | Found a runed translucent gate.
 21419 | Gauntlet | Found a transporter.
 21433 | Gauntlet | Found a large runed translucent door.
 21434 | Gauntlet | Found a large runed translucent door.
 21434 | Gauntlet | Found a transporter.
 21435 | Gauntlet | Found a large runed translucent door.
 21435 | Gauntlet | Found a large runed translucent door.
 21435 | Gauntlet | Found a large runed translucent door.
 21435 | Gauntlet | Found a large runed translucent door.
 21435 | Gauntlet | Found a large runed translucent door.
 21435 | Gauntlet | Found a large runed translucent door.
 21436 | Gauntlet | Found a runed translucent door.
 21436 | Gauntlet | Found a runed translucent gate.
 21437 | Gauntlet | Found a runed translucent gate.
 21437 | Gauntlet | Found a transporter.
 21437 | Gauntlet | Found a transporter.
 21440 | Gauntlet | Found a transporter.
 21440 | Gauntlet | Found a transporter.
 21452 | Gauntlet | Found a transporter.
 21469 | Gauntlet | Found a runed translucent door.
 21470 | Gauntlet | Found a transporter.
 21472 | Gauntlet | Found a runed translucent door.
 21480 | Gauntlet | Found a transporter.
 21495 | Gauntlet | Found a transporter.
 21507 | Gauntlet | Found a large runed translucent door.
 21508 | Gauntlet | Found a large runed translucent door.
 21509 | Gauntlet | Found a large runed translucent door.
 21509 | Gauntlet | Found a large runed translucent door.
 21509 | Gauntlet | Found a large runed translucent door.
 21509 | Gauntlet | Found a large runed translucent door.
 21510 | Gauntlet | Found a runed translucent gate.
 21510 | Gauntlet | Found a large runed translucent door.
 21510 | Gauntlet | Found a runed translucent door.
 21510 | Gauntlet | Found a large runed translucent door.
 21515 | Gauntlet | Found a transporter.
 21907 | Gauntlet | Reached XP level 14. HP: 89/115 MP: 10/28
 21911 | Gauntlet | Identified the +1 pair of boots of Dim Light {Contam Harm
                  | SInv}
 22121 | Gauntlet | Reached skill level 5 in Evocations
 23543 | Lair:5   | Noticed a dire elephant
 23543 | Lair:5   | Noticed a dire elephant
 23543 | Lair:5   | Noticed a dire elephant
 24004 | Lair:5   | Noticed a dire elephant
 24218 | D:11     | Noticed AutumnRavn's ghost (amateur FoHu)
 24522 | D:11     | Reached skill level 10 in Transmutations
 24923 | D:11     | Found a transporter.
 24928 | D:11     | Found a transporter.
 25174 | D:11     | Killed AutumnRavn's ghost
 25440 | D:12     | Found a staircase to the Orcish Mines.
 25879 | D:12     | Found a viscous altar of Jiyva.
 26429 | Orc:1    | Entered Level 1 of the Orcish Mines
 26585 | Orc:1    | Found a shimmering blue altar of Sif Muna.
 26712 | Orc:1    | Reached skill level 14 in Ice Magic
 26897 | Orc:1    | Noticed Nergalle
 26905 | Orc:1    | Killed Nergalle
 27165 | Orc:1    | Noticed Sonja
 27170 | Orc:1    | Killed Sonja
 27400 | Orc:1    | Got Sif Muna's Exposition on Breath
 27473 | Orc:1    | Found a transporter.
 27478 | Orc:1    | Identified the +11 great mace "Ripnalel" {pain, rPois
                  | Dex+3}
 27479 | Orc:1    | Noticed Vocvumn's ghost (journeyman MiFi)
 27532 | Orc:2    | Entered Level 2 of the Orcish Mines
 27592 | Orc:2    | Found a staircase to the Elven Halls.
 27594 | Orc:2    | Offered knowledge of Starburst by Vehumet.
 27696 | Orc:2    | Reached XP level 15. HP: 115/120 MP: 26/30
 27703 | Orc:2    | Reached skill level 10 in Dodging
 28075 | Orc:2    | Found Ikhol's Book Shoppe.
 28086 | Orc:2    | Found Ismygybb's Assorted Antiques.
 28088 | Orc:2    | Found Biesoarchi's Book Shop.
 28096 | Orc:2    | Found Hyowoven's Antique Weapon Shoppe.
 28714 | Orc:2    | Bought a scroll of identify for 68 gold pieces
 28714 | Orc:2    | Bought a scroll of teleportation for 102 gold pieces
 28714 | Orc:2    | Bought a scroll of identify for 68 gold pieces
 28714 | Orc:2    | Identified a scroll of acquirement
 28716 | Orc:2    | Acquired the ring of Niyrgh {Will+ rCorr MP+9 Dex-2}
 28943 | Swamp:1  | Entered Level 1 of the Swamp
 29216 | Swamp:1  | Identified Roxanne's Encyclopedia of the Figure
 29216 | Swamp:1  | Noticed Roxanne
 29594 | Swamp:1  | Found a runed translucent door.
 30510 | Swamp:1  | Gained mutation: Your movements are slightly less
                  | encumbered by armour. (ER -2) [mutagenic glow]
 30737 | Swamp:1  | Reached skill level 15 in Ice Magic
 30873 | Swamp:1  | Offered knowledge of Fireball by Vehumet.
 31707 | Swamp:2  | Noticed Louise
 31708 | Swamp:2  | Gained mutation: Your magical capacity is low. (-10% MP)
                  | [mutagenic glow]
 31759 | Swamp:2  | Noticed Donald
 31765 | Swamp:2  | Killed Louise
 31767 | Swamp:2  | Mangled by Donald

Illustrated notes

Levels and vault maps discovered:
D:1:      lightli_molten_gateway, layout_basic, nicolae_wormholes
D:2:      layout_basic, shapermc_ecumenical_altar_mp_ritualfount
D:3:      layout_basic
D:4:      layout_loops_cross, minmay_temple_entry_mist, nzn_random_ring,
          uniq_natasha
D:5:      black_bear_nest_2, layout_basic, serial_shops, nicolae_lakefront_shop,
          serial_rivers, chequers_serial_rivers_small_a,
          chequers_serial_rivers_room_a, chequers_serial_rivers_small_a,
          chequers_serial_rivers_micro_c, chequers_serial_rivers_micro_a,
          minmay_misc_feat_cross, minmay_fractal_squares_5, uniq_edmund
D:6:      layout_basic, grunt_dithmenos_shadows, mainiacjoe_overflow_24_doors,
          kennysheep_little_box, serial_shops, nicolae_lakefront_shop,
          cheibrodos_sewer_entry_drain, chequers_serial_rivers_room_a,
          minmay_checkerbox
D:7:      layout_basic, old_standard_altar, nicolae_uskayaw_dance_hall,
          nicolae_overflow_crystal_walls, minmay_misc_feat_roman, minivault_1,
          minmay_liquid_box, uniq_crazy_yiuf_cottage
D:8:      layout_rooms, mainiacjoe_overflow_small_starburst
D:9:      layout_basic, mainiacjoe_overflow_brackets,
          mainiacjoe_overflow_chevrons, nicolae_overflow_hidden_temple,
          serial_park_tiny_2, minmay_crystal_room, kennysheep_nub, uniq_erica
D:10:     layout_roguey, mainiacjoe_overflow_surrounded_room, lair_entry_dummy,
          kennysheep_island_fort
D:11:     layout_roguey [special_room_orc], gammafunk_ghost_arena
D:12:     layout_irregular_city, orc_0_dummy, jiyva_altar_1
Temple:   zaba_magenta_temple
Lair:1:   beast_lair_carwin_large_4, layout_hall_layers, gammafunk_ghost_arena,
          nicolae_quartered_pool_impasse, serial_bayou_shore_b
Lair:2:   layout_regular_city, minmay_swamp_entry_reptiles, spider_nest_entry_a,
          gammafunk_ghost_wrathful_warriors, st_stairs_9, serial_bayou_shore_b,
          infiniplex_staircase_pool
Lair:3:   layout_misc_corridors, fungi_pond_lemuel, nicolae_lair_grazing_beasts
          [nicolae_sub_lair_graze_edge, nicolae_sub_lair_graze_edge,
          nicolae_sub_lair_graze_edge, nicolae_sub_lair_graze_edge]
Lair:4:   layout_cave_shapes, minmay_slime_entry_pillars, ldierk_geyser,
          cheibrodos_lair_reptile_den, grunt_megastairs_4, lemuel_fruit_fields
Lair:5:   due_jungle_book, layout_loops_ring, gauntlet_entry_generic,
          fungi_pond_lemuel
Swamp:1:  gammafunk_mikee_crab_dinner, layout_basic_swamp,
          evilmike_swamp_ruin_house_2, uniq_roxanne
Swamp:2:  layout_basic_swamp, serial_swamp_ruin, evilmike_swamp_ruin_house_3,
          evilmike_swamp_ruin_house_4, swamp_pool1, grunt_ruined_hall,
          uniq_donald, uniq_louise
Orc:1:    layout_caves, gammafunk_ghost_smash, led_sif_book, uniq_sonja,
          uniq_nergalle
Orc:2:    st_orc_open, layout_diamond_mine

Skill      XL: |  1  2  3  4  5  6  7  8  9 10 11 12 13 14 15 |
---------------+----------------------------------------------+-----
Fighting       | 1 2 3 4 6 8 9 10 11 12 | 12.0
Ice Magic      | 5 6 7 9 10 11 12 13 14 15 | 15.2
Spellcasting   | 3 4 5 7 8 9 10 11 12 | 12.6
Evocations     | 1 2 3 4 5 6 |  6.0
Dodging        | 4 6 9 11 | 11.7
Transmutations | 3 6 8 11 12 | 12.8
Poison Magic   | 2 5 7 8 |  8.0
Fire Magic     | 2 4 |  4.0
Conjurations   | 2 4 |  4.0
Stealth        | |  2.1

Action                   |  1- 3 |  4- 6 |  7- 9 | 10-12 | 13-15 || total
-------------------------+-------+-------+-------+-------+-------++-------
Melee: Dagger            |    38 |    73 |   162 |    72 |   134 ||   479
       Punch             |       |     1 |     3 |     1 |     5 ||    10
 Cast: Freeze            |    50 |    16 |    40 |    47 |    37 ||   190
       Frozen Ramparts   |       |    23 |    38 |    39 |    60 ||   160
       Ozocubu's Armour  |       |    13 |    26 |    35 |    56 ||   130
       Hailstorm         |       |       |       |     6 |     3 ||     9
       Olgreb's Toxic Ra |       |       |       |    91 |   182 ||   273
       Ignite Poison     |       |       |       |    30 |    90 ||   120
       Irradiate         |       |       |       |       |    72 ||    72
Evoke: Wand              |       |       |       |       |     3 ||     3
  Use: Scroll            |       |       |     9 |     7 |    12 ||    28
       Potion            |       |       |       |     4 |     1 ||     5
 Stab: Sleeping          |     2 |     2 |     6 |       |       ||    10
       Distracted        |     1 |     1 |       |       |       ||     2
Armor: Robe              |    16 |    30 |    83 |    63 |   166 ||   358
Dodge: Dodged            |    51 |    70 |   163 |   112 |   387 ||   783
